ABL
PARRAMATTA GIANTS @ ST. GEORGE DRAGONS
08/22/2022
 
TOP OF THE 1ST
Parramatta Giants batting - Pitching for St. George Dragons : LHP Alex Polanco
Pitching: LHP Alex Polanco
Batting: SHB Phil Banks 0-0: Ball
1-0: Called Strike
1-1: Called Strike
1-2: Ball
2-2: Foul Ball, location: 25F
2-2: Strikes out swinging
Batting: RHB Desmond Williams 0-0: Ball
1-0: Swinging Strike
1-1: Called Strike
1-2: Foul Ball, location: 2F
1-2: Strikes out swinging
Batting: RHB Braxton Byford 0-0: Ground out 5-3 (Groundball, 56S, EV 80.0 MPH)
Top of the 1st over - 0 runs, 0 hits, 0 errors, 0 left on base; Parramatta 0 - St. George 0
BOTTOM OF THE 1ST
St. George Dragons batting - Pitching for Parramatta Giants : RHP Cedric Yandell
Pitching: RHP Cedric Yandell
Batting: RHB Frank Scott 0-0: Foul Ball, location: 2RF
0-1: Ball
1-1: Ball
2-1: Ground out U3 (Groundball, 34, EV 88.8 MPH)
Batting: LHB Redford Crosse 0-0: Ball
1-0: Called Strike
1-1: Ball
2-1: Foul Ball, location: 5F
2-2: Ball
3-2: Foul Ball, location: 2F
3-2: Foul Ball, location: 7LDF
3-2: Fly out, F8 (Line Drive, 8LM, EV 103.1 MPH)
Batting: SHB Darren Sabin 0-0: Ball
1-0: Called Strike
1-1: Ground out 1-3 (Groundball, 13, EV 70.6 MPH)
Bottom of the 1st over - 0 runs, 0 hits, 0 errors, 0 left on base; Parramatta 0 - St. George 0
TOP OF THE 2ND
Parramatta Giants batting - Pitching for St. George Dragons : LHP Alex Polanco
Batting: LHB Hughie Stannard 0-0: Ball
1-0: Ball
2-0: Called Strike
2-1: Fly out, F8 (Flyball, 8LXD, EV 103.8 MPH)
Batting: RHB Jace Whitlock 0-0: Ball
1-0: Swinging Strike
1-1: Foul Ball, location: 2F
1-2: Strikes out swinging
Batting: RHB Matt Leseberg 0-0: Called Strike
0-1: Foul Ball, location: 9LDF
0-2: Strikes out looking
Top of the 2nd over - 0 runs, 0 hits, 0 errors, 0 left on base; Parramatta 0 - St. George 0
BOTTOM OF THE 2ND
St. George Dragons batting - Pitching for Parramatta Giants : RHP Cedric Yandell
Batting: RHB Kris Crowe 0-0: Foul Ball, location: 2F
0-1: Foul Ball, location: 7LSF
0-2: Fly out, F7 (Flyball, 78S, EV 89.4 MPH)
Batting: RHB Ray Emelio 0-0: Ball
1-0: Ball
2-0: Called Strike
2-1: SINGLE (Line Drive, 9S, EV 104.4 MPH)
Batting: LHB Ben Etheridge 0-0: Ball
1-0: Foul Ball, location: 5SF
1-1: Ball
2-1: Called Strike
2-2: SINGLE (Groundball, 4MD, EV 101.3 MPH)
Ray Emelio to second
Runner from 2nd tries for 3rd, OUT! 8-5
Batting: RHB Darron Matts 0-0: Called Strike
0-1: Ball
1-1: Swinging Strike
1-2: SINGLE (Groundball, 34, EV 101.9 MPH)
Ben Etheridge to second
Runner from 2nd tries for 3rd, SAFE, throw by RF made to third
Batting: LHB Alex Polanco 0-0: Called Strike
0-1: Foul Ball, location: 2F
0-2: Ground out 1-3 (Groundball, P, EV 60.0 MPH)
Bottom of the 2nd over - 0 runs, 3 hits, 0 errors, 2 left on base; Parramatta 0 - St. George 0
TOP OF THE 3RD
Parramatta Giants batting - Pitching for St. George Dragons : LHP Alex Polanco
Batting: SHB Layne Hodnett 0-0: SINGLE (Line Drive, 6MD, EV 103.8 MPH)
Batting: RHB Willie Bendall 0-0: Ball
1-0: Foul Ball, location: 2LF
1-1: Ball
2-1: Swinging Strike
2-2: Ball
3-2: Foul Ball, location: 2F
3-2: Foul Ball, location: 3F
3-2: Strikes out swinging
Batting: RHB Cedric Yandell 0-0: Sac Bunt to 25 - play at first, batter OUT! 5-3
Layne Hodnett to second
Batting: SHB Phil Banks 0-0: Foul Ball, location: 25F
0-1: Ball
1-1: Swinging Strike
1-2: Foul Ball, location: 2F
1-2: Ball
2-2: Strikes out looking
Top of the 3rd over - 0 runs, 1 hit, 0 errors, 1 left on base; Parramatta 0 - St. George 0
BOTTOM OF THE 3RD
St. George Dragons batting - Pitching for Parramatta Giants : RHP Cedric Yandell
Batting: RHB Bill Orson 0-0: Ground out 6-3 (Groundball, 6MD, EV 95.6 MPH)
Batting: RHB Frank Scott 0-0: Foul Ball, location: 2RF
0-1: Ground out 5-3 (Groundball, 56, EV 91.3 MPH)
Batting: LHB Redford Crosse 0-0: Ball
1-0: SINGLE (Line Drive, 56D, EV 98.8 MPH)
Batting: SHB Darren Sabin 0-0: Fly out, F5 (Line Drive, 5, EV 65.0 MPH)
Bottom of the 3rd over - 0 runs, 1 hit, 0 errors, 1 left on base; Parramatta 0 - St. George 0
TOP OF THE 4TH
Parramatta Giants batting - Pitching for St. George Dragons : LHP Alex Polanco
Batting: RHB Desmond Williams 0-0: Ball
1-0: Foul Ball, location: 9LMF
1-1: Swinging Strike
1-2: Foul Ball, location: 3SF
1-2: Ball
2-2: Strikes out swinging
Batting: RHB Braxton Byford 0-0: Ball
1-0: Called Strike
1-1: DOUBLE (Line Drive, 8LXD, EV 110.0 MPH)
Batting: LHB Hughie Stannard 0-0: Called Strike
0-1: Ball
1-1: Ball
2-1: Fly out, F7 (Flyball, 7D, EV 101.3 MPH)
Runner from 2nd tags up, SAFE at 3rd, no throw by LF
Batting: RHB Jace Whitlock 0-0: Called Strike
0-1: Called Strike
0-2: Fly out, F8 (Line Drive, 8LD, EV 85.6 MPH)
Top of the 4th over - 0 runs, 1 hit, 0 errors, 1 left on base; Parramatta 0 - St. George 0
BOTTOM OF THE 4TH
St. George Dragons batting - Pitching for Parramatta Giants : RHP Cedric Yandell
Batting: RHB Kris Crowe 0-0: Called Strike
0-1: Ball
1-1: Ball
2-1: Swinging Strike
2-2: Ground out 5-3 (Groundball, 56, EV 99.4 MPH)
Batting: RHB Ray Emelio 0-0: Ground out 6-3 (Groundball, 6, EV 76.9 MPH)
Batting: LHB Ben Etheridge 0-0: Ball
1-0: Ball
2-0: Foul Ball, location: 2F
2-1: SINGLE (Groundball, 34, EV 88.1 MPH) (infield hit)
Batting: RHB Darron Matts 0-0: Called Strike
0-1: Fly out, F7 (Flyball, 78M, EV 91.3 MPH)
Bottom of the 4th over - 0 runs, 1 hit, 0 errors, 1 left on base; Parramatta 0 - St. George 0
TOP OF THE 5TH
Parramatta Giants batting - Pitching for St. George Dragons : LHP Alex Polanco
Batting: RHB Matt Leseberg 0-0: Ball
1-0: Swinging Strike
1-1: Ball
2-1: Called Strike
2-2: Ball
3-2: Foul Ball, location: 7LSF
3-2: Foul Ball, location: 9LSF
3-2: Base on Balls
Batting: SHB Layne Hodnett 0-0: Bunted foul
0-1: Ball
1-1: Foul Ball, location: 9LDF
1-2: Foul Ball, location: 9LMF
1-2: Ball
2-2: Ball
3-2: Base on Balls
Matt Leseberg to second
Batting: RHB Willie Bendall 0-0: Called Strike
0-1: Ball
1-1: Called Strike
1-2: Ball
2-2: Ball
3-2: Base on Balls
Matt Leseberg to third
Layne Hodnett to second
Batting: RHB Cedric Yandell 0-0: Grounds into fielders choice 1-2 (Groundball, 13S, EV 68.1 MPH)
Layne Hodnett to third
Willie Bendall to second
Batting: SHB Phil Banks 0-0: Ball
1-0: Ball
2-0: Ball
3-0: Base on Balls
Layne Hodnett scores
Willie Bendall to third
Cedric Yandell to second
Batting: RHB Desmond Williams 0-0: Ball
1-0: Ball
2-0: Called Strike
2-1: TRIPLE (Line Drive, 78XD, EV 99.4 MPH)
Willie Bendall scores
Cedric Yandell scores
Phil Banks scores
Batting: RHB Braxton Byford 0-0: Ball
1-0: Called Strike
1-1: SINGLE (Groundball, 34S, EV 70.0 MPH) (infield hit)
Batting: LHB Hughie Stannard 0-0: Called Strike
0-1: Foul Ball, location: 2F
0-2: Ball
1-2: Ball
2-2: Foul Ball, location: 2F
2-2: SINGLE (Flyball, 8RM, EV 93.1 MPH)
Desmond Williams scores
Braxton Byford to second
Pitching: RHP Nicholas Harsnett
Batting: RHB Jace Whitlock 0-0: Ball
1-0: SINGLE (Groundball, 15S, EV 70.0 MPH) (infield hit)
Braxton Byford to third
Hughie Stannard to second
Batting: RHB Matt Leseberg 0-0: Called Strike
0-1: Ball
1-1: Foul Ball, location: 3F
1-2: Strikes out looking
Batting: SHB Layne Hodnett 0-0: Foul Ball, location: 5F
0-1: Ball
1-1: Ball
2-1: Ball
3-1: SINGLE (Line Drive, 56D, EV 96.3 MPH)
Braxton Byford scores
Hughie Stannard to third
Jace Whitlock to second
Runner from 3rd tries for Home, SAFE, throw by LF to home
Batting: RHB Willie Bendall 0-0: Foul Ball, location: 23FF
0-1: Foul Ball, location: 9LMF
0-2: Ball
1-2: Strikes out swinging
Top of the 5th over - 7 runs, 5 hits, 0 errors, 2 left on base; Parramatta 7 - St. George 0
BOTTOM OF THE 5TH
St. George Dragons batting - Pitching for Parramatta Giants : RHP Cedric Yandell
Batting: SHB Nicholas Harsnett 0-0: Ball
1-0: Ball
2-0: Ball
3-0: Base on Balls
Batting: RHB Bill Orson 0-0: Called Strike
0-1: Grounds into double play, 6-4-3 (Groundball, 6, EV 86.9 MPH)
Batting: RHB Frank Scott 0-0: Ball
1-0: Called Strike
1-1: Ball
2-1: Ball
3-1: Ground out 2-3 (Groundball, 2L, EV 68.8 MPH)
Bottom of the 5th over - 0 runs, 0 hits, 0 errors, 0 left on base; Parramatta 7 - St. George 0
TOP OF THE 6TH
Parramatta Giants batting - Pitching for St. George Dragons : RHP Nicholas Harsnett
Batting: RHB Cedric Yandell 0-0: Ball
1-0: Foul Ball, location: 2F
1-1: Called Strike
1-2: Ball
2-2: Reached on error, E6 (Groundball, 6, EV 91.9 MPH)
Batting: SHB Phil Banks 0-0: Grounds into double play, 4-6-3 (Groundball, 4, EV 80.0 MPH)
Batting: RHB Desmond Williams 0-0: Ground out 4-3 (Groundball, 4, EV 88.8 MPH)
Top of the 6th over - 0 runs, 0 hits, 1 error, 0 left on base; Parramatta 7 - St. George 0
BOTTOM OF THE 6TH
St. George Dragons batting - Pitching for Parramatta Giants : RHP Cedric Yandell
Batting: LHB Redford Crosse 0-0: Ball
1-0: Ball
2-0: Swinging Strike
2-1: Ground out 5-3 (Groundball, 5S, EV 81.3 MPH)
Batting: SHB Darren Sabin 0-0: Foul Ball, location: 25FF
0-1: Fly out, F7 (Flyball, 78M, EV 93.1 MPH)
Batting: RHB Kris Crowe 0-0: Ball
1-0: Called Strike
1-1: Fly out, F8 (Flyball, 8RM, EV 86.3 MPH)
Bottom of the 6th over - 0 runs, 0 hits, 0 errors, 0 left on base; Parramatta 7 - St. George 0
TOP OF THE 7TH
Parramatta Giants batting - Pitching for St. George Dragons : RHP Nicholas Harsnett
Batting: RHB Braxton Byford 0-0: Ground out 5-3 (Groundball, 5, EV 84.4 MPH)
Batting: LHB Hughie Stannard 0-0: Called Strike
0-1: Ball
1-1: SINGLE (Groundball, 4M, EV 105.6 MPH) (infield hit)
Batting: RHB Jace Whitlock 0-0: Ball
1-0: Swinging Strike
1-1: Foul Ball, location: 3FF
1-2: Foul Ball, location: 2F
1-2: Fly out, F5 (Popup, 6S, EV 76.3 MPH)
Batting: RHB Matt Leseberg 0-0: Ball
1-0: Called Strike
1-1: Ball
2-1: Called Strike
2-2: Ball
3-2: Fly out, F9 (Line Drive, 9LM, EV 94.4 MPH)
Top of the 7th over - 0 runs, 1 hit, 0 errors, 1 left on base; Parramatta 7 - St. George 0
BOTTOM OF THE 7TH
St. George Dragons batting - Pitching for Parramatta Giants : RHP Cedric Yandell
Batting: RHB Ray Emelio 0-0: Foul Ball, location: 2F
0-1: Ball
1-1: Ball
2-1: Ball
3-1: Ground out 2-3 (Groundball, 13S, EV 73.1 MPH)
Batting: LHB Ben Etheridge 0-0: Called Strike
0-1: Ball
1-1: Swinging Strike
1-2: Ball
2-2: Fly out, F6 (Line Drive, 6MD, EV 67.5 MPH)
Batting: RHB Darron Matts 0-0: DOUBLE (Line Drive, 89D, EV 105.0 MPH)
Batting: SHB Nicholas Harsnett 0-0: DOUBLE (Groundball, 3L, EV 106.9 MPH)
Darron Matts scores
Batting: RHB Bill Orson 0-0: Called Strike
0-1: Ground out 1-3 (Groundball, 13S, EV 64.4 MPH)
Bottom of the 7th over - 1 run, 2 hits, 0 errors, 1 left on base; Parramatta 7 - St. George 1
TOP OF THE 8TH
Parramatta Giants batting - Pitching for St. George Dragons : RHP Nicholas Harsnett
Batting: SHB Layne Hodnett 0-0: Ball
1-0: Ball
2-0: Ball
3-0: Base on Balls
Batting: RHB Willie Bendall 0-0: Ball
Layne Hodnett is caught stealing 2nd base 2-4
1-0: Ground out 6-3 (Groundball, 6, EV 83.8 MPH)
Batting: RHB Cedric Yandell 0-0: Ball
1-0: Swinging Strike
1-1: Ball
2-1: Foul Ball, location: 2F
2-2: Strikes out swinging
Top of the 8th over - 0 runs, 0 hits, 0 errors, 0 left on base; Parramatta 7 - St. George 1
BOTTOM OF THE 8TH
St. George Dragons batting - Pitching for Parramatta Giants : RHP Cedric Yandell
Batting: RHB Frank Scott 0-0: Ball
1-0: Called Strike
1-1: Ground out 6-3 (Groundball, 6, EV 80.6 MPH)
Batting: LHB Redford Crosse 0-0: Swinging Strike
0-1: SINGLE (Groundball, 15S, EV 62.5 MPH) (infield hit)
Batting: SHB Darren Sabin 0-0: Fielders Choice at 2nd, 3-6 (Groundball, 3, EV 82.5 MPH)
Batting: RHB Kris Crowe 0-0: Ground out 5-3 (Groundball, 56S, EV 86.9 MPH)
Bottom of the 8th over - 0 runs, 1 hit, 0 errors, 1 left on base; Parramatta 7 - St. George 1
TOP OF THE 9TH
Parramatta Giants batting - Pitching for St. George Dragons : RHP Nicholas Harsnett
Batting: SHB Phil Banks 0-0: Ground out 4-3 (Groundball, 34D, EV 93.8 MPH)
Batting: RHB Desmond Williams 0-0: Foul Ball, location: 2F
0-1: Ball
1-1: Ball
2-1: Foul Ball, location: 5FF
2-2: Foul Ball, location: 7LDF
2-2: Strikes out swinging
Batting: RHB Braxton Byford 0-0: Ball
1-0: SOLO HOME RUN (Flyball, 89XD, EV 97.5 MPH), Distance : 389 ft
Batting: LHB Hughie Stannard 0-0: Ball
1-0: Foul Ball, location: 7LSF
1-1: Foul Ball, location: 9LSF
1-2: Strikes out swinging
Top of the 9th over - 1 run, 1 hit, 0 errors, 0 left on base; Parramatta 8 - St. George 1
BOTTOM OF THE 9TH
St. George Dragons batting - Pitching for Parramatta Giants : RHP Cedric Yandell
Pitching: RHP David Hockenhull
Batting: RHB Ray Emelio 0-0: Foul Ball, location: 2RF
0-1: Swinging Strike
0-2: Ball
1-2: Ball
2-2: Ball
3-2: Strikes out swinging
Pinch Hitting: RHB Chris Roberts 0-0: Ball
1-0: Called Strike
1-1: Swinging Strike
1-2: Ball
2-2: Ball
3-2: SOLO HOME RUN (Flyball, 7D, EV 97.5 MPH), Distance : 380 ft
Batting: RHB Darron Matts 0-0: Called Strike
0-1: Foul Ball, location: 2F
0-2: Foul Ball, location: 23F
0-2: Ball
1-2: Strikes out looking
Pinch Hitting: LHB Lenny Pullen 0-0: DOUBLE (Line Drive, 9LS, EV 106.3 MPH)
Batting: RHB Bill Orson 0-0: Ball
1-0: Swinging Strike
1-1: Fly out, F7 (Flyball, 78S, EV 90.6 MPH)
Bottom of the 9th over - 1 run, 2 hits, 0 errors, 1 left on base; Parramatta 8 - St. George 2
Tuesday, April 30th , 2024 - OOTP Baseball 24.9 Build 80